Description

The current ZvP meta revolves around one unit: the Voidray. The strongest unit in the zerg arsenal to combat this menace before 6 minutes is the Queen, whose biggest weakness is lack of mobility off creep. This weakness is covered by the Nydus worm. Serral used this build in 2018 in a ZvT against Special, but it is applicable to ZvP as well and is reminiscent of Elazer's Polish Subway.

VOD

https://www.youtube.com/watch?v=R2zN8eEaztM

Build Order

Get SALT Encoding   

  13  0:13  Overlord  
  16  0:49  Hatchery  
  18  1:09  Extractor  
  17  1:14  Spawning Pool  
  19  1:41  Overlord  
  20  2:01  Queen x2  
  20  2:02  Zergling x2  
  26  2:11  Metabolic Boost  
  30  2:36  Hatchery  
  44  3:36  Lair  
  47  3:45  Roach Warren  
  47  3:46  Extractor x2  
  56  4:37  Nydus Network  
  56  4:38  Overseer  
  85  6:00  Action  
Spawning Tool Build Advisor. Get it on Overwolf

Analysis

Make Queens constantly whenever you have the available minerals. Stop at 42 drones.

Make a dozen or so safety lings as Metabolic Boost finishes. Make sure to save energy on the Queens for transfuse and to load the Nydus Network with Queens first so that they can transfuse it after it spawns. Make sure you morph Ravagers before the attack. Drop another Nydus as soon as it's off cooldown and drop 1-2 creep tumors if you do not need to transfuse urgently. The first Nydus Worm should hit at ~6:00, or you could wait slightly longer if you feel like you need more Queens (eg. vs 2 Stargate Voidray).

Go to:

Details

  • Created by: moti
  • Published on: Feb 28, 2021
  • Modified on: Mar 02, 2021
  • Patch: 4.11.0
  • Difficulty: Easy
Show
View Real Time Build Order
Export as new Build Order

Comments (0)

There are no comments. Be the first!

Create an account to comment!